cohdb
Replays
Latest Replays
All Replays
Popular Replays
Top Player Replays
Match Explorer
How It Works
Community
CoH3 Stats
Reddit
Sign in to upload your games and track your stats! →
Sign in with Steam
Match 44730853
Unlisted
Match 44730853
Overview
Messages
Build Orders
End
Panzergrenadier Squad
250 Light Carrier
Panzergrenadier Squad
Construct Light Support Kompanie
MG34 Team
Fire Support Elements
Selects Battlefield Espionage Battlegroup
Selects Intel Disruption Beacon
Veteran Squad Leaders
Panzerjäger Mechanized Group
Selects Transfer Depots
Construct Panzerarmee Kommand
Selects Firestorm
Firestorm
Panzer III L Medium Tank
Selects 250/3 Funkpanzerwagen
2.5-tonne Medical Truck
Firestorm
CDI
晨曦朝露
Christian Dior
The respectable donkey
biff
Thegorramthing
Chef BoyardeezNuts
76561199424140833
0
0
Comments
sign in to comment!
No comments posted yet!